 Dungeon Crawl Stone Soup version 0.22.1-1-ga44c0e56f4 (webtiles) character file.

49 Morbidden the Ogre Mage (level 3, -1/31 HPs)
             Began as an Ogre Wizard on Oct 27, 2018.
             Slain by a centaur zombie (8 damage)
             ... on level 3 of the Dungeon.
             The game lasted 00:03:01 (1669 turns).

Morbidden the Ogre Mage (Ogre Wizard)               Turns: 1669, Time: 00:03:02

Health: -1/31      AC:  3    Str: 11    XL:     3   Next: 77%
Magic:  0/9        EV: 10    Int: 20    God:
Gold:   41         SH:  0    Dex:  7    Spells: 10/11 levels left

rFire    . . .     SeeInvis .   (no weapon)
rCold    . . .     Gourm    .   (no shield)
rNeg     . . .     Faith    .   a - +0 robe
rPois    .         Spirit   .   b - +0 hat
rElec    .         Reflect  .   (no cloak)
rCorr    .         Harm     .   (gloves unavailable)
MR       .....                  (boots unavailable)
Stlth    +.........             h - amulet of rage
HPRegen  0.10/turn              (no ring)
MPRegen  0.11/turn              (no ring)

@: very slightly contaminated
A: large, unfitting armour, tough skin 1
a: Evoke Berserk Rage


You were on level 3 of the Dungeon.
You were not hungry.

You visited 1 branch of the dungeon, and saw 3 of its levels.

You collected 41 gold pieces.

Inventory:

Missiles
 f - 2 large rocks (quivered)
Armour
 a - a +0 robe (worn)
 b - a +0 hat (worn)
Jewellery
 h - an amulet of rage (around neck)
Scrolls
 c - a scroll of identify
Potions
 e - 2 potions of curing {unknown}
 i - a potion of haste {unknown}
 j - a potion of degeneration {unknown}
 l - a potion of brilliance {unknown}
Comestibles
 d - 4 rations


   Skills:
 + Level 2.0 Dodging
 - Level 1.4 Stealth
 + Level 4.7 Spellcasting
 * Level 1.7 Conjurations
   Level 0.8 Summonings
   Level 0.8 Translocations


You had 10 spell levels left.
You knew the following spells:

 Your Spells              Type           Power        Failure   Level  Hunger
a - Magic Dart            Conj           ##..         6%          1    None

Your spell library contained the following spells:

 Spells                   Type           Power        Failure   Level  Hunger
 Blink                    Tloc           N/A          13%         2    #......
 Call Imp                 Summ           #.......     13%         2    #......
 Slow                     Hex            #.......     19%         2    #......
 Conjure Flame            Conj/Fire      #.......     26%         3    ##.....
 Mephitic Cloud           Conj/Pois/Air  #.......     28%         3    ##.....


Dungeon Overview and Level Annotations

Branches:
Dungeon (3/15)

Altars:
Elyvilon


Innate Abilities, Weirdness & Mutations

You are too large for most types of armour.
You have tough skin. (AC +1)


Message History

Unknown command.
You hit the centaur zombie.
The centaur zombie is severely damaged.
The centaur zombie closely misses you.
You hit the centaur zombie but do no damage.
The centaur zombie is severely damaged.
The centaur zombie closely misses you.
A jackal comes into view.
The jackal barks!
You hit the centaur zombie but do no damage.
The centaur zombie is severely damaged.
The centaur zombie hits you!
A jackal comes into view.
The centaur zombie hits you.
The jackal barks!
A gnoll comes into view.
The centaur zombie hits you.
* * * LOW HITPOINT WARNING * * *
The centaur zombie hits you!
You die...

...# #.#
..###.#
###...#.#
#...#.#.###
#......(..#
....).....#
..........#
.....h..Z.#
#.....h..@#
#...#######
#... g.. ≈≈


You could see a centaur zombie and 2 jackals.

Vanquished Creatures
  2 adders (D:2)
  2 dart slugs (D:1)
  A leopard gecko (D:1)
  4 giant cockroaches (D:2)
  2 hobgoblins
  4 kobolds
  A quokka (D:2)
  2 ball pythons (D:2)
  2 bats (D:1)
  3 frilled lizards
  3 goblins
  2 rats (D:1)
28 creatures vanquished.

Notes
Turn   | Place    | Note
-------+----------+-------------------------------------------
     0 | D:1      | Morbidden the Ogre Wizard began the quest for the Orb.
     0 | D:1      | Reached XP level 1. HP: 16/16 MP: 5/5
   120 | D:1      | Reached skill level 1 in Conjurations
   172 | D:1      | Reached XP level 2. HP: 14/24 MP: 2/6
   194 | D:1      | Reached skill level 4 in Spellcasting
   881 | D:2      | Reached XP level 3. HP: 31/31 MP: 3/8
  1189 | D:2      | Found a white marble altar of Elyvilon.
  1669 | D:3      | Slain by a centaur zombie

Skill      XL: |  1  2 |
---------------+-------+-----
Conjurations   | 1 |  1.7
Spellcasting   | 4 |  4.7
Dodging        | 2 |  2.0
Stealth        | |  1.4
Summonings     | |  0.8
Translocations | |  0.8

Action                   || total
-------------------------++-------
Melee: Unarmed           ||    26
Throw: Large rock        ||     3
 Cast: Magic Dart        ||    75
  Use: Scroll            ||     2
  Eat: Ration            ||     1
Armor: Robe              ||    10
Dodge: Dodged            ||    35
